 Dungeon Crawl Stone Soup version 0.27.1-2-g3b301248ec (webtiles) character file.

Game seed: 8842751118218635366

57 nxtlvl the Charlatan (level 3, -5/20 HPs)
             Began as a Deep Elf Artificer on Sept 26, 2021.
             Killed by divine providence
             ... invoked by an orc priest
              (14 damage)
             ... on level 4 of the Dungeon.
             The game lasted 00:11:10 (1134 turns).

nxtlvl the Charlatan (Deep Elf Artificer)           Turns: 1134, Time: 00:11:11

Health: -5/20      AC:  3    Str:  9    XL:     3   Next: 73%
Magic:  5/5        EV: 12    Int: 16    God:
Gold:   171        SH:  5    Dex: 15    Spells: 2/2 levels left

rFire    . . .     SeeInvis .   b - +0 long sword
rCold    . . .     Faith    .   (no shield)
rNeg     . . .     Spirit   .   f - +0 leather armour
rPois    .         Reflect  +   (no helmet)
rElec    .         Harm     .   (no cloak)
rCorr    .         Rampage  .   (no gloves)
Will     .....                  (no boots)
Stlth    ++........             i - amulet of reflection
HPRegen  0.06/turn              (no ring)
MPRegen  0.09/turn              (no ring)

@: no status effects
A: no striking features
a: no special abilities


You were on level 4 of the Dungeon.
You visited 1 branch of the dungeon, and saw 4 of its levels.

You collected 171 gold pieces.

Inventory:

Hand Weapons
 a - a +0 dagger
 b - a +0 long sword (weapon)
Missiles
 g - 47 arrows
 n - 10 poisoned darts
Armour
 f - a +0 leather armour (worn)
 j - a +1 helmet
Jewellery
 i - an amulet of reflection (around neck)
 o - an amulet of magic regeneration
Wands
 c - a wand of flame (8) (quivered)
 d - a wand of charming (15)
Scrolls
 h - a scroll of teleportation {unknown}
 k - 2 scrolls of identify {unknown}
 l - a scroll of brand weapon {unknown}
 m - a scroll of fear {unknown}
 p - a scroll of magic mapping {unknown}
Miscellaneous
 e - a piece from Xom's chessboard (inert)


   Skills:
 - Level 0.7 Fighting
 * Level 2.9 Long Blades
 - Level 0.7 Armour
 - Level 2.4 Dodging
 - Level 1.2 Stealth
 - Level 3.5 Evocations


You had 2 spell levels left.
You didn't know any spells.
Your spell library was empty.

Dungeon Overview and Level Annotations

Branches:
Dungeon (4/15)
 Temple: D:4-7

Altars:
Kikubaaqudgha
Uskayaw


Message History

There is an open door here.
A kobold is nearby!
You hit the kobold.
You kill the kobold!
You open the door.
There is an open door here.
An orc comes into view. It is wielding a +0 hand axe.
The orc shouts!
An orc priest comes into view. It is wielding a +0 flail.
There is an open door here.
You hit the orc.
The orc is severely wounded.
The orc hits you with a +0 hand axe.
You hit the orc.
The orc is almost dead.
The orc barely misses you.
You barely miss the orc.
The orc is almost dead.
The orc completely misses you. The orc hits you with a +0 hand axe.
You slash the orc!
You kill the orc!
There is an open door, spattered with blood here.
Things that are here:
a +0 hand axe; an orc corpse
There is an open door, spattered with blood here.
Things that are here:
a +0 hand axe; an orc corpse You open the door.
You close the door.
You open the door.
A water moccasin comes into view.
Found 11 stones and 15 gold pieces.
An orc priest opens the door.
There is an open door here.
You close the door.
You make a move on Xom's chessboard...
The orc priest twists and deforms.
The chess piece greys!
The orc priest invokes the aid of Beogh against you.
Beogh smites you!
Ouch! That really hurt!
You die...

#.#....................
#........#.#####.......#
###..###.#...........#.#
##'###'#######.###.# #
#.....# #.# .# #.≈≈≈.#
#.# # ###.)...### .#
#.).._..+.#
#.#....@#.(...#
#.#.≈≈≈.#S.$..#
#.#....o#####...
#.#+###'# #. #...# ..#
#..##o... #..###.## #...
.. #...##.


You could see an orc priest (misshapen).

Vanquished Creatures
  An adder (D:2)
  2 dart slugs
  2 orcs
  3 bats
  5 endoplasms
  A giant cockroach (D:1)
  4 goblins
  2 hobgoblins
  2 jackals (D:2)
  A quokka (D:1)
  5 ball pythons
  3 frilled lizards
  A giant cockroach zombie (D:3)
  4 kobolds
  3 rats
39 creatures vanquished.

Notes
Turn   | Place    | Note
-------+----------+-------------------------------------------
     0 | D:1      | nxtlvl the Deep Elf Artificer began the quest for the Orb.
     0 | D:1      | Reached XP level 1. HP: 11/11 MP: 3/3
   147 | D:1      | Reached skill level 1 in Long Blades
   168 | D:1      | Found a faded altar of an unknown god.
   191 | D:1      | Reached XP level 2. HP: 10/16 MP: 4/4
   529 | D:2      | Reached XP level 3. HP: 18/20 MP: 5/5
   947 | D:4      | Found a hide-covered altar of Uskayaw.
  1079 | D:4      | Found an ancient bone altar of Kikubaaqudgha.
  1131 | D:4      | Noticed a water moccasin
  1134 | D:4      | Killed from afar by an orc priest

Illustrated notes

Levels and vault maps discovered:
D:1:      dpeg_arrival_snail, layout_loops_ring, ebering_ecumenical_altar_mist
D:2:      layout_basic, uniq_robin
D:3:      minmay_door_path, layout_loops_ring
D:4:      layout_basic, mainiacjoe_overflow_six_doors_small,
          lemuel_crystal_altar, gammafunk_ghost_cemetery

Skill      XL: |  1  2 |
---------------+-------+-----
Long Blades    | 1 2 |  2.9
Fighting       | |  0.7
Armour         | |  0.7
Dodging        | |  2.4
Stealth        | |  1.2
Evocations     | |  3.5

Action                   || total
-------------------------++-------
Melee: Long sword        ||    99
       Club              ||     6
Evoke: Piece from Xom's  ||    19
       Wand              ||     7
 Stab: Sleeping          ||     5
       Petrified         ||     5
       Paralysed         ||     1
Armor: Leather armour    ||    20
Dodge: Dodged            ||    64
Block: Other             ||    17
       Rpst.: Long sword ||    16
